Workbook

Sheet Analisis
C1: AVANCE EN LA EJECUCIÓN DE ACTIVIDADES DEL PLAN ANUAL DE AUDITORÍA
C3: =F5 -> Auditorias Internas | F3: ITEM | G3: PLANEADAS | J3: EJECUTADAS | K3: PORCENTAJE | N3: Acciones Propuestas | O3: Fecha
G4: I-Semestre | H4: II-Semestre | I4: Total | K4: I-Semestre | L4: II-Semestre | M4: Total
B5: =F8 -> Otras Actividades | D5: =F6 -> Informes de Ley | F5: Auditorias Internas | G5: =COUNTIF('Plan Anual de Auditoria'!H17:L35,"X") -> 7 | H5: =COUNTIF('Plan Anual de Auditoria'!M17:R35,"X") -> 11 | I5: =G5+H5 -> 18 | J5: =SUM('Plan Anual de Auditoria'!S17:S35) -> 0 | K5: =IFERROR(J5/G5,0) -> 0 | L5: =IFERROR(J5/H5,0) -> 0 | M5: 1
F6: Informes de Ley | G6: =COUNTIF('Plan Anual de Auditoria'!G45:L63,"X") -> 23 | H6: =COUNTIF('Plan Anual de Auditoria'!M45:R63,"X") -> 24 | I6: =G6+H6 -> 47 | J6: =SUM('Plan Anual de Auditoria'!S45:S63) -> 8 | K6: =IFERROR(J6/G6,0) -> 0.34782609 | L6: =IFERROR(#REF!/H6,0) -> 0 | M6: 1
F7: Otros Informes | G7: =COUNTIF('Plan Anual de Auditoria'!G65:L75,"X") -> 14 | H7: =COUNTIF('Plan Anual de Auditoria'!M65:R75,"X") -> 18 | I7: =G7+H7 -> 32 | J7: =SUM('Plan Anual de Auditoria'!S65:S75) -> 3 | K7: =IFERROR(J7/G7,0) -> 0.21428571 | L7: =IFERROR(#REF!/H7,0) -> 0 | M7: 1
F8: Otras Actividades | G8: =COUNTIF('Plan Anual de Auditoria'!G81:L86,"X") -> 14 | H8: =COUNTIF('Plan Anual de Auditoria'!M81:R86,"X") -> 15 | I8: =G8+H8 -> 29 | J8: =SUM('Plan Anual de Auditoria'!S81:S86) -> 3 | K8: =IFERROR(J8/G8,0) -> 0.21428571 | L8: =IFERROR(#REF!/H8,0) -> 0 | M8: 1
C9: =F7 -> Otros Informes
F10: TOTAL | G10: =SUM(G5:G8) -> 58 | H10: =SUM(H5:H8) -> 68 | I10: =SUM(I5:I8) -> 126 | J10: =SUM(J5:J8) -> 14 | K10: =IFERROR(J10/G10,0) -> 0.24137931 | L10: =IFERROR(#REF!/H10,0) -> 0
J11: =J10/I10 -> 0.11111111

Sheet Plan Anual de Auditoria
D2: PROCESO DE EVALUACIÓN, CONTROL Y SEGUIMIENTO INSTITUCIONAL
D3: PLAN ANUAL DE AUDITORÍA
D4: Código: FO-ECS-01 | F4: Versión: 04 | K4: Fecha de aprobación: 28/04/2022 | T4: Página: 1 de 1
B6: Objetivo(s): | C6: Establecer de manera ordenada las actividades de auditoría, así como las relacionadas con los roles e informes de competencia de la oficina, que adelantará el Asesor de Control Interno para agregar valor y mejorar las operaciones de la entidad; ayudando a cumplir sus objetivos mediante la aplicación de un enfoque sistemático y disciplinado para evaluar la gestión de riesgos y controles.
B7: Alcance: | C7: Aplica para las auditoráis de segunda línea, tercera línea, informes de ley a cargo de la oficina de Control interno, otros informes, actividades y auditorías de tercera parte.
B8: Criterios: | C8: Para la realización y aprobación del programa anual de auditoría, se tomarón los siguientes criterios: Auditorías de Gestión Control Interno: Decreto 1499 de 2017 - Modelo Estándar de Control Interno, Decreto 648 del 2017, Plan Anticorrupción y Atención al Ciudadano, Control Interno Contable, Decreto 1072 de 2015, Seguridad de la Información, Gestión Documental. Auditorías de Calidad y Ambiental: NTC ISO 9001:2015, NTC ISO 14001:2015, NTC 5555:2011 Normatividad Legal vigente (Interna y Externa), Manual de Calidad, Manual del Sistema de Gestión Ambiental, y la documentación establecida en el Sistema Integrado de Gestión.
B9: Unidad Responsable: | C9: Control Interno de Gestión / Oficina Asesora de Planeación
B10: Método: | C10: Para auditorías de 3ra Línea La Oficina de Control Interno tuvo en cuenta la directricez y recomedaciones de la Guia de auditoría basada en riesgos para entidades publicas que establece las variables y los criterios más importantes y que tienen mayor impacto para tomar una decisión adecuada en cuanto al ordenamiento y priorización de los procesos a auditar, una vez definidas las variables y los criterios se ponderan asignándoles un peso de acuerdo a su importancia basados en el estudio realizado por la Jefe de la Oficina de Control Interno para realizar el programa se utiliza la información histórica de cada proceso. A continuación se indican los pasos que se requieren para ordenar y priorizar los procesos a auditar. Definición de criterios utilizados: - Riesgo Inherente - Tiempo transcurrido desde la última auditoría: - Temas de interés de la Alta Dirección (Criterios) Para auditorías de 2da Línea Las auditorias se realizarán de manera presencial con y sin interacción humana; las actas de reunión, informes de auditoria, cartas de representación y demas registros se enviaran de manera digital para sus respectivas firmas, los registros de asistencia serán en medio físico.
B11: Recursos: | C11: Financieros: Presupuesto asignado por la Universidad para atender los requerimientos del plan anual de auditoría. | F11: Humanos: Profesionales de Control Interno de Gestión, Calidad, Ambiental y Auditores Internos. | R11: Tecnológicos: Equipos de computo, sistemas de información, sistemas de redes y correo electrónico Institucional.
B12: Riesgos y Oportunidades: | C12: Incumplimiento / aplazamiento del plan anual de auditoría por labores internas. | J12: Acciones asociadas al tratamiento: Seguimiento permanente del plan.
B14: Auditorias Internas
B15: Título de la Auditoría 3ra Línea | D15: Aplica a: | E15: Rol Asociado | F15: Responsable | G15: Ene | H15: Feb | I15: Mar | J15: Abr | K15: May | L15: Jun | M15: Jul | N15: Ago | O15: Sept | P15: Oct | Q15: Nov | R15: Dic | S15: Ejecutado | T15: Porcentaje Cumplimiento | U15: Asignado a: | V15: Evidencia
B16: Investigación (Apoyos Económicos - OIRI) | D16: Proceso Misional | E16: Evaluación y seguimiento | F16: Profesional OCIG | H16: X | S16: 1 | T16: =IF(S16>COUNTIF(G16:R16,"X"),100%,IFERROR(S16/(COUNTIF(G16:R16,"X")),"")) -> 1 | U16: Profesional de apoyo, certificado en auditoría interna | V16: Se realizó la auditoría del proceso de Investigación del 11 al 25 de febrero, cuyo informe fue enviado oficialmente al proceso el 27 de febrero de 2025 y se publicó en el enlace web https://tramites1.suit.gov.co/racionalizacion-web/faces/home.jsf?_adf.ctrl-state=xsy138auw_3
B17: Comunicación Institucional | D17: Proceso Estratégico | E17: Evaluación y seguimiento | F17: Profesional OCIG | I17: X | T17: =IF(S17>COUNTIF(G17:R17,"X"),100%,IFERROR(S17/(COUNTIF(G17:R17,"X")),"")) -> 0 | U17: Profesional de apoyo, certificado en auditoría interna | X17: SONIA
B18: Direccionamiento Estratégico | D18: Proceso Estratégico | E18: Evaluación y seguimiento | F18: Profesional OCIG | J18: X | T18: =IF(S18>COUNTIF(G18:R18,"X"),100%,IFERROR(S18/(COUNTIF(G18:R18,"X")),"")) -> 0 | U18: Profesional de apoyo, certificado en auditoría interna | X18: KEILA
B19: Gestión de apoyo a la Academia - Laboratorios y Centro Clínico Veterinario | D19: Proceso de Apoyo | E19: Evaluación y seguimiento | F19: Profesional OCIG | K19: X | T19: =IF(S19>COUNTIF(G19:R19,"X"),100%,IFERROR(S19/(COUNTIF(G19:R19,"X")),"")) -> 0 | U19: Profesional de apoyo, certificado en auditoría interna | X19: DERLY
B20: Gestión de TIC | D20: Proceso de Apoyo | E20: Evaluación y seguimiento | F20: Profesional OCIG | L20: X | T20: =IF(S20>COUNTIF(G20:R20,"X"),100%,IFERROR(S20/(COUNTIF(G20:R20,"X")),"")) -> 0 | U20: Profesional de apoyo, certificado en auditoría interna | X20: NUEVO
B21: Gestión Documental | D21: Proceso de Apoyo | E21: Evaluación y seguimiento | F21: Profesional OCIG | M21: X | T21: =IF(S21>COUNTIF(G21:R21,"X"),100%,IFERROR(S21/(COUNTIF(G21:R21,"X")),"")) -> 0 | U21: Profesional de apoyo, certificado en auditoría interna | X21: SONIA
B22: Docencia | D22: Proceso Misional | E22: Evaluación y seguimiento | F22: Profesional OCIG | N22: X | T22: =IF(S22>COUNTIF(G22:R22,"X"),100%,IFERROR(S22/(COUNTIF(G22:R22,"X")),"")) -> 0 | U22: Profesional de apoyo, certificado en auditoría interna | X22: KEILA- NUEVO
B23: Gestión del Talento Humano -SST / (Contratación Hora Catedra) | D23: Proceso de Apoyo | E23: Evaluación y seguimiento | F23: Profesional OCIG | P23: X | T23: =IF(S23>COUNTIF(G23:R23,"X"),100%,IFERROR(S23/(COUNTIF(G23:R23,"X")),"")) -> 0 | U23: Profesional de apoyo, certificado en auditoría interna | X23: OSCAR
B24: Gestión de la Calidad | D24: Proceso Estratégico | E24: Evaluación y seguimiento | F24: Profesional OCIG | Q24: X | T24: =IF(S24>COUNTIF(G24:R24,"X"),100%,IFERROR(S24/(COUNTIF(G24:R24,"X")),"")) -> 0 | U24: Profesional de apoyo, certificado en auditoría interna | X24: DERLY
B25: Título de la Auditoría 2da Línea | D25: Aplica a: | E25: Rol Asociado | F25: Responsable | G25: Ene | H25: Feb | I25: Mar | J25: Abr | K25: May | L25: Jun | M25: Jul | N25: Ago | O25: Sept | P25: Oct | Q25: Nov | R25: Dic | S25: Ejecutado | T25: Porcentaje Cumplimiento | U25: Asignado a: | V25: Evidencia
B26: Gestión de la Calidad y Direccionamiento Estratégico | D26: Proceso Estratégico | E26: Conformidad con los requisitos normativos | F26: Profesional del Centro de Idiomas | H26: X | T26: =IF(S26>COUNTIF(G26:R26,"X"),100%,IFERROR(S26/(COUNTIF(G26:R26,"X")),"")) -> 0 | U26: Profesional de apoyo, certificado en auditoría interna
B27: Investigación | D27: Proceso Misional | E27: Conformidad con los requisitos normativos | F27: Profesional de Planeación | K27: X | T27: =IF(S27>COUNTIF(G27:R27,"X"),100%,IFERROR(S27/(COUNTIF(G27:R27,"X")),"")) -> 0 | U27: Profesional de apoyo, certificado en auditoría interna
B28: Docencia - Facultad de Ciencias Humanas y de la Educación | D28: Proceso Misional | E28: Conformidad con los requisitos normativos | F28: Profesional de Planeación | L28: X | T28: =IF(S28>COUNTIF(G28:R28,"X"),100%,IFERROR(S28/(COUNTIF(G28:R28,"X")),"")) -> 0 | U28: Profesional de apoyo, certificado en auditoría interna
B29: Docencia - Centro de Idiomas | D29: Proceso Misional | E29: Conformidad con los requisitos normativos | F29: Profesional Externo | M29: X | T29: =IF(S29>COUNTIF(G29:R29,"X"),100%,IFERROR(S29/(COUNTIF(G29:R29,"X")),"")) -> 0 | U29: Profesional de apoyo, certificado en auditoría interna
B30: Autoevaluación Institucional | D30: Proceso de Evaluación | E30: Conformidad con los requisitos normativos | F30: Profesional de Planeación | M30: X | T30: =IF(S30>COUNTIF(G30:R30,"X"),100%,IFERROR(S30/(COUNTIF(G30:R30,"X")),"")) -> 0 | U30: Profesional de apoyo, certificado en auditoría interna
B31: Comunicación Institucional | D31: Proceso de Apoyo | E31: Conformidad con los requisitos normativos | F31: Profesional de Planeación | M31: X | T31: =IF(S31>COUNTIF(G31:R31,"X"),100%,IFERROR(S31/(COUNTIF(G31:R31,"X")),"")) -> 0 | U31: Profesional de apoyo, certificado en auditoría interna
B32: Gestión Documental | D32: Proceso de Apoyo | E32: Conformidad con los requisitos normativos | F32: Profesional de Planeación | M32: X | T32: =IF(S32>COUNTIF(G32:R32,"X"),100%,IFERROR(S32/(COUNTIF(G32:R32,"X")),"")) -> 0 | U32: Profesional de apoyo, certificado en auditoría interna
B33: Gestión de Bienes y Servicios - Almacén | D33: Proceso de Apoyo | E33: Conformidad con los requisitos normativos | F33: Profesional de Planeación | O33: X | T33: =IF(S33>COUNTIF(G33:R33,"X"),100%,IFERROR(S33/(COUNTIF(G33:R33,"X")),"")) -> 0 | U33: Profesional de apoyo, certificado en auditoría interna
B34: Centro de Calidad de Aguas | D34: Proceso de Apoyo | E34: Conformidad con los requisitos normativos | F34: Profesional Externo | O34: X | U34: Profesional de apoyo, certificado en auditoría interna
B35: Gestión de apoyo a la Academia - Laboratorios y Centro Clínico Veterinario | D35: Proceso de Apoyo | E35: Conformidad con los requisitos normativos | F35: Profesional de Planeación | P35: X | T35: =IF(S35>COUNTIF(G35:R35,"X"),100%,IFERROR(S35/(COUNTIF(G35:R35,"X")),"")) -> 0 | U35: Profesional de apoyo, certificado en auditoría interna
B36: Título de la Auditoría de Tercera Parte | D36: Aplica a: | E36: Rol Asociado | F36: Responsable | G36: Ene | H36: Feb | I36: Mar | J36: Abr | K36: May | L36: Jun | M36: Jul | N36: Ago | O36: Sept | P36: Oct | Q36: Nov | R36: Dic | S36: Ejecutado | T36: Porcentaje Cumplimiento | U36: Asignado a: | V36: Evidencia
B37: Auditoria de Renovación / Calidad | D37: Todos los procesos | E37: Conformidad con los requisitos normativos | F37: ICONTEC | I37: X | T37: =IF(S37>COUNTIF(G37:R37,"X"),100%,IFERROR(S37/(COUNTIF(G37:R37,"X")),"")) -> 0 | U37: Externo
B38: Gestión de la Calidad de Aguas - IDEAM | D38: Proceso de Apoyo | E38: Conformidad con los requisitos normativos | F38: Profesional Externo | O38: X | T38: =IF(S38>COUNTIF(G38:R38,"X"),100%,IFERROR(S38/(COUNTIF(G38:R38,"X")),"")) -> 0 | U38: Externo
B39: CELAC - Centro de Idiomas | D39: Misional / Centro de Idiomas | E39: Evaluación y seguimiento | F39: CELAC | Q39: X | T39: =IF(S39>COUNTIF(G39:R39,"X"),100%,IFERROR(S39/(COUNTIF(G39:R39,"X")),"")) -> 0 | U39: Externo
B40: Contraloría Departamental | D40: Universidad de los Llanos | E40: Relación con entes externos de control | F40: Todos los procesos | M40: X | N40: X | O40: X | P40: X | Q40: X | R40: X | T40: =IF(S40>COUNTIF(G40:R40,"X"),100%,IFERROR(S40/(COUNTIF(G40:R40,"X")),"")) -> 0 | U40: Externo | V40: De acuerdo a la programación del Ente de Control | W40: De acuerdo a la programación del Ente de Control
B41: Contraloría General de la República | D41: Universidad de los Llanos | E41: Relación con entes externos de control | F41: Todos los procesos | G41: X | H41: X | I41: X | J41: X | K41: X | L41: X | T41: =IF(S41>COUNTIF(G41:R41,"X"),100%,IFERROR(S41/(COUNTIF(G41:R41,"X")),"")) -> 0 | U41: Externo | V41: De acuerdo a la programación del Ente de Control
B42: Informes de Ley (A cargo de Control Interno)
B43: Titulo del Informe | D43: Aplica a: | E43: Rol Asociado | F43: Responsable | G43: Ene | H43: Feb | I43: Mar | J43: Abr | K43: May | L43: Jun | M43: Jul | N43: Ago | O43: Sept | P43: Oct | Q43: Nov | R43: Dic | S43: Ejecutado | T43: Porcentaje Cumplimiento | U43: Asignado a: | V43: OBSERVACIÓN
B44: Informe Evaluación Control Interno Contable | D44: Proceso de Apoyo | E44: Evaluación y seguimiento | F44: Profesional OCIG | H44: X | T44: =IFERROR(S44/(COUNTIF(G44:R44,"X")),"") -> 0 | U44: Profesional de apoyo CIG | W44: Arlex | X44: DERLY
B45: Informe Formulario Único Reporte de Avances de la Gestión - FURAG | D45: Procesos Estratégicos, de Apoyo y Evaluación | E45: Evaluación y seguimiento | F45: Asesor OCIG, Profesional OCIG | J45: X | T45: =IFERROR(S45/(COUNTIF(G45:R45,"X")),"") -> 0 | U45: Profesional de apoyo CIG | W45: Sonia | X45: DIANA
B46: Informe derechos de Autor y Software www.derechodeautor.gov.co atención al ciudadano(informe software) o haciendo click en el vinculo informes. https://www.derechodeautor.gov.co/es/informe-de-software-entidades-publicas | D46: Proceso de Apoyo | E46: Evaluación y seguimiento | F46: Profesional OCIG | I46: X | T46: =IFERROR(S46/(COUNTIF(G46:R46,"X")),"") -> 0 | U46: Profesional de apoyo CIG | W46: Sonia | X46: DIANA
B47: Informe de seguimiento al mapa institucional de riesgos | D47: Todos los procesos | E47: Evaluación de la gestión del riesgo | F47: Profesional OCIG | G47: X | K47: X | O47: X | R47: X | S47: 1 | T47: =IFERROR(S47/(COUNTIF(G47:R47,"X")),"") -> 0.25 | U47: Profesional de apoyo CIG | V47: Se realizó verificación y comprobación la publicación del mapa de riesgos de corrupción en el enlace de la página web: https://www.unillanos.edu.co/index.php/estrategia-de-participacion-ciudadana Con relación al seguimiento de los riesgos de los diferentes procesos, se realizó evaluación de los riesgos del proceso de Investigación en el marco de la auditoria interna realizada a dicho proceso actividad reportada en el item 1 del presente avance de ejecución. | W47: Paula | X47: KEILA
B48: Informe de evaluación independiente del estado del Sistema de Control Interno | D48: Todos los procesos | E48: Evaluación y seguimiento | F48: Profesional OCIG | G48: X | M48: X | T48: 0.01 | U48: Profesional de apoyo CIG | V48: Se realizó el informe de Evaluación Independiente del Sistema de Control Interno de 2do Semestre de 2024 y se publicó en el portal web de la Universidad en el siguiente enlace https://www.unillanos.edu.co/index.php/documentacion/control-interno/informes/informe-de-evaluacion-independiente-del-estado-del-sistema-de-control-interno/7854-2024-2-evaluacion-independiente-del-sistema-de-control-interno-ii-semestre/file | W48: Paula | X48: DIANA
B49: Informe de seguimiento a las peticiones, quejas, reclamos, sugerencias y denuncias | D49: Proceso de Apoyo Gestión Documental | E49: Evaluación y seguimiento | F49: Profesional OCIG | G49: X | J49: X | M49: X | P49: X | T49: 0.01 | U49: Profesional de apoyo CIG | V49: Se realizó el informe de PQRSD para el segundo semestre de 2024, el cual se encuentra publicado en la página web de la Universidad de los Llanos enlace https://www.unillanos.edu.co/index.php/documentacion/control-interno/informes/informe-seguimiento-pqrsd | W49: Paula | X49: NUEVO
B50: Informe de seguimiento al sistema de información y gestión del empleo publico - SIGEP y a la página web | D50: Proceso de Apoyo Gestión de Talento Humano | E50: Evaluación y seguimiento | F50: Profesional OCIG | K50: X | T50: =IFERROR(S50/(COUNTIF(G50:R50,"X")),"") -> 0 | U50: Profesional de apoyo CIG | W50: Paula | X50: NUEVO
B51: Seguimiento al Programa de Transparencia y Ética Pública (Plan Anticorrupción y Atención al Ciudadano - PAAC) | D51: Proceso Estratégico Área de Planeación | E51: Evaluación y seguimiento | F51: Profesional OCIG | G51: X | K51: X | O51: X | R51: X | S51: 1 | T51: =IFERROR(S51/(COUNTIF(G51:R51,"X")),"") -> 0.25 | U51: Profesional de apoyo CIG | V51: Se realizó verificación y comprobación la publicación del Programa de Transparencia y Ética Pública vigencia 2025 así como la matriz de riesgos 2025, incluidos los riesgos de corrupción en el enlace de la página web: https://www.unillanos.edu.co/index.php/estrategia-de-participacion-ciudadana. Se realizó verificación y comprobación de la publicación del cuarto Informe de seguimiento PAAC 2024 Tercer Cuatrimestre y matriz de monitoreo del PAAC 2024, en la página web de la Universidad, en el enlace:https://www.unillanos.edu.co/index.php/documentacion/control-interno/informes/informe-de-seguimiento-al-programa-de-transparencia-y-etica-publica-plan-anticorrupcion-y-atencion-al-ciudadano-paac, con el fin de verificar requisitos normativos de publicidad. | W51: Arlex | X51: KEILA
B52: Informe de seguimiento racionalización de tramites (Aplicativo Suit) | D52: Proceso Estratégico Planeación | E52: Evaluación y seguimiento | F52: Profesional OCIG | G52: X | K52: X | O52: X | R52: X | S52: 1 | T52: =IFERROR(S52/(COUNTIF(G52:R52,"X")),"") -> 0.25 | U52: Profesional de apoyo CIG | V52: Se realizó verificación y comprobación la publicación del Programa de Transparencia y Ética Pública vigencia 2025 y aplicativo SUIT del cuatrimestre de septiembre a diciembre de 2024, el cual fue repotado el monitoreo y seguimiento en la plataforma suit, por lo tanto para este perido de enero de 2025, no requiere informe adicional. | W52: Natalia | X52: OSCAR
B53: Seguimiento y rendición avance plan de mejoramiento Contraloría General de la República | D53: Todos los procesos | E53: Evaluación y seguimiento | F53: Profesional OCIG | G53: X | M53: X | S53: 1 | T53: =IFERROR(S53/(COUNTIF(G53:R53,"X")),"") -> 0.5 | U53: Profesional de apoyo CIG | V53: Se realizó reporte de avance y seguimiento del plan de mejoramiento institucional correspondiente al segundo semestre de la vigencia 2024, a la Contraloría General de la República el día 15 de enero de 2025 mediante formulario electrónico y oficio remisorio, a través del aplicativo SIRECI con consecutivo 86041336622024-12-31. El plan de mejoramiento se encuentra publicado en la siguiente ruta: https://sig.unillanos.edu.co/index.php/sistema-de-gestion/plan-de-mejoramiento | W53: DIANA | X53: OSCAR
B54: Seguimiento y rendición avance plan de mejoramiento Contraloría Departamental del Meta | D54: Todos los procesos | E54: Evaluación y seguimiento | F54: Profesional OCIG | G54: X | M54: X | S54: 1 | T54: =IFERROR(S54/(COUNTIF(G54:R54,"X")),"") -> 0.5 | U54: Profesional de apoyo CIG | V54: Se realizó reporte de avance y seguimiento del plan de mejoramiento suscrito con la Contraloría Departamental del Meta correspondiente a la vigencia 2024, a través del aplicativo SIA OBSERVA, el día 23/01/2025, archivo de ingreso FORMATO_202412_F10A_CDM.CSV La matriz del plan de mejoramiento se encuentra publicada en la sigueinte ruta del portal web institucional: https://sig.unillanos.edu.co/index.php/sistema-de-gestion/plan-de-mejoramiento | W54: DIANA | X54: OSCAR
B55: Informe de seguimiento al Sistema Único de Gestión e Información Litigiosa del Estado - EKOGUI | D55: Gestión Jurídica | E55: Evaluación y seguimiento | F55: Profesional OCIG | H55: X | N55: X | Q55: X | S55: 1 | T55: =IFERROR(S55/(COUNTIF(G55:R55,"X")),"") -> 0.33333333 | U55: Profesional de apoyo CIG | V55: Se realizó la certificación ekogui la cual fue recepcionada el 13 de febrero de 2025 por la defensa Jurídica del Estado eKOGUI y reposa en la página web de la Universidad en el enlace publicdo el 10 de febrero de 2025 https://www.unillanos.edu.co/index.php/documentacion/control-interno/informes/informe-de-eguimiento-al-sistema-unico-de-gestion-e-informacion-litigiosa-del-estado-ekogui/7868-certificacion-ekogui-2024-ii/file | W55: Natalia | X55: OSCAR
B56: Informe de cumplimiento de criterios de publicación - transparencia y acceso a la información - ITA | D56: Todos los procesos (Gestión TIC) | E56: Evaluación y seguimiento | F56: Profesional OCIG | H56: X | J56: X | M56: X | P56: X | R56: X | S56: 1 | T56: =IFERROR(S56/(COUNTIF(G56:R56,"X")),"") -> 0.2 | U56: Profesional de apoyo CIG | V56: Se realizó seguimiento al Informe de Transparencia y Acceso a la Información pública ITA y se remitió el informe al Jefe de Sistemas el 20 de febrero de 2025 a través del Correo electrónico cinterno@unillanos.edu.co. | W56: Paula | X56: OSCAR
B57: Informe de austeridad en el gasto | D57: Proceso de Apoyo Gestión Financiera | E57: Evaluación y seguimiento | F57: Profesional OCIG | G57: X | J57: X | M57: X | P57: X | R57: X | S57: 1 | T57: =IFERROR(S57/(COUNTIF(G57:R57,"X")),"") -> 0.2 | U57: Profesional de apoyo CIG | V57: Se realizó el informe de austeridad del Gasto con corte al cuatro trimestre del 2024 y se publicó en la página web de la Universidad https://www.unillanos.edu.co/index.php/documentacion/control-interno/informes/informe-de-austeridad-en-el-gasto/7883-2024-4-seguimiento-austeridad-del-gasto-cuarto-trimestre-2024-corregido/file | W57: Sonia | X57: SONIA
B58: Informe de evaluacion de la audiencia publica de rendicion de cuentas | D58: Proceso Estratégico Planeación | E58: Evaluación y seguimiento | F58: Profesional OCIG | R58: X | T58: =IFERROR(S58/(COUNTIF(G58:R58,"X")),"") -> 0 | U58: Profesional de apoyo CIG | W58: Arlex | X58: DERLY
B60: Otros Informes (A cargo de Control Interno de Gestión)
B61: Titulo del Informe | D61: Aplica a: | E61: Rol Asociado | F61: Responsable | G61: Ene | H61: Feb | I61: Mar | J61: Abr | K61: May | L61: Jun | M61: Jul | N61: Ago | O61: Sept | P61: Oct | Q61: Nov | R61: Dic | S61: Ejecutado | T61: Porcentaje Cumplimiento | U61: Asignado a: | V61: Evidencia
B62: Arqueos de Cajas Menores | D62: Proceso Misional, de Apoyo y Estratégico | E62: Enfoque hacia la prevención | F62: Profesional OCIG | I62: X | L62: X | O62: X | R62: X | T62: =IFERROR(S62/(COUNTIF(G62:R62,"X")),"") -> 0 | U62: Profesional de apoyo CIG | W62: Keila | X62: DERLY
B63: Informe de seguimiento a la publicidad de los contratos en el SECOP | D63: Gestión de Bienes y Servicios | E63: Enfoque hacia la prevención | F63: Profesional OCIG | I63: X | L63: X | O63: X | R63: X | T63: =IFERROR(S63/(COUNTIF(G63:R63,"X")),"") -> 0 | U63: Profesional de apoyo CIG | W63: Sonia | X63: SONIA
B64: Seguimiento a la implementaciòn del Codigo de Ética, Integridad y Buen Gobierno | D64: Gestion de Talento Humano | E64: Evaluación y seguimiento | F64: Profesional OCIG | I64: X | L64: X | O64: X | R64: X | T64: =IFERROR(S64/(COUNTIF(G64:R64,"X")),"") -> 0 | U64: Profesional de apoyo CIG | W64: Sonia | X64: SONIA
B65: Informe de Gestion OCI | D65: Control Interno de Gestión | E65: Evaluación y seguimiento | F65: Profesional OCIG | M65: X | R65: X | T65: =IFERROR(S65/(COUNTIF(G65:R65,"X")),"") -> 0 | U65: Asesor Control Interno | W65: Asesor | X65: DIANA
B66: Informe de seguimiento estrategia de rendición de cuentas | D66: Procesos Estratégicos | E66: Evaluación y seguimiento | F66: Profesional OCIG | G66: X | M66: X | R66: X | S66: 1 | T66: =IFERROR(S66/(COUNTIF(G66:R66,"X")),"") -> 0.33333333 | U66: Profesional de apoyo CIG | W66: Arlex | X66: DERLY
B67: Informe de seguimiento al plan de acción institucional - PAI | D67: Todos los procesos | E67: Evaluación y seguimiento | F67: Profesional OCIG | G67: X | J67: X | M67: X | P67: X | R67: X | T67: =IFERROR(S67/(COUNTIF(G67:R67,"X")),"") -> 0 | U67: Profesional de apoyo CIG | W67: Arlex | X67: DERLY
B68: Informe avance al plan de mejoramiento General | D68: Todos los procesos | E68: Evaluación y seguimiento | F68: Profesional OCIG | G68: X | J68: X | M68: X | P68: X | R68: X | S68: 1 | T68: =IFERROR(S68/(COUNTIF(G68:R68,"X")),"") -> 0.2 | U68: Profesional de apoyo CIG | V68: Se realizó seguimiento al plan de mejoramiento General correspondiente a los procesos Gestión de Calidad y proceso de Docencia, los resultados fueron registrados en el 3040-34.19 Plan de Mejoramiento sobre auditorías internas 2024. Con relación al proceso de Investigación se realizó verificación y comprobación con relación al Componente 5 Actividades de Monitoreo en el marco de la auditoria interna realizada al proceso durante el mes de febrero, cuyo resultado se registro en el docuemnto 04.LISTA DE VERIFICACION INVESTIGACIÓN. https://sig.unillanos.edu.co/index.php/sistema-de-gestion/plan-de-mejoramiento | W68: Keila | X68: KEILA
B69: Informe de seguimiento a Planes de acción de las facultades | D69: Docencia | E69: Evaluación y seguimiento | F69: Profesional OCIG | J69: X | Q69: X | T69: =IFERROR(S69/(COUNTIF(G69:R69,"X")),"") -> 0 | U69: Profesional de apoyo CIG | W69: Sonia | X69: SONIA
B70: Informe de seguimiento al comité de conciliaciones | D70: Gestión Jurídica | E70: Evaluación y seguimiento | F70: Profesional OCIG | H70: X | M70: X | R70: X | T70: =IFERROR(S70/(COUNTIF(G70:R70,"X")),"") -> 0 | U70: Profesional de apoyo CIG | W70: Natalia | X70: OSCAR
B71: Informe de seguimiento a la legalización de avances | D71: Todos los procesos | E71: Evaluación y seguimiento | F71: Profesional OCIG | I71: X | L71: X | O71: X | R71: X | T71: =IFERROR(S71/(COUNTIF(G71:R71,"X")),"") -> 0 | U71: Profesional de apoyo CIG | W71: Sonia | X71: SONIA
B72: Informe de seguimiento a Convenios | D72: Gestión Jurídica | E72: Evaluación y seguimiento | F72: Profesional OCIG | L72: X | Q72: X | T72: =IFERROR(S72/(COUNTIF(G72:R72,"X")),"") -> 0 | U72: Profesional de apoyo CIG | W72: Natalia-Sonia | X72: SONIA
B73: Informe de seguimiento a procesos disciplinarios | D73: Control Interno Disciplinario | E73: Evaluación y seguimiento | F73: Profesional OCIG | L73: X | T73: =IFERROR(S73/(COUNTIF(G73:R73,"X")),"") -> 0 | U73: Asesor Control Interno | W73: Diana Zulay | X73: DIANA
B74: Realizar seguimiento al área financiera sobre el plan de mejoramiento de la Comisión Legal de Cuentas de la Cámara de Representantes | D74: Gestión Financiera, Control Interno de Gestión | E74: Evaluación y seguimiento | F74: Profesional OCIG | H74: X | K74: X | Q74: X | S74: 1 | T74: =IFERROR(S74/(COUNTIF(G74:R74,"X")),"") -> 0.33333333 | U74: Profesional de apoyo CIG | V74: Se remitió a la Dirección Financiera, comunicación mediante la cual se da a conocer la Gaceta del Congreso No. 2078 del 29 de noviembre de 2024, junto al proyecto de Resolución No. 001 de 2024, por medio de la cual, se da cumplimiento a una decisión de la plenaria de la corporación y se adopta la Resolución No. 001 de 2024 “Por medio de la cual se propone a la Cámara de Representantes, NO FENECER, la cuenta general del presupuesto y del tesoro y el estado de situación financiera de la nación correspondiente a la vigencia fiscal de 2023”, adoptada en su integridad por la Plenaria de la Cámara de Representantes mediante Resolución M.D. No. 1383 del 19 de diciembre de 2024. Así mismo, se requirió la remisión a la oficina Asesora de Control Interno de Gestión, del plan de mejoramiento formulado frente a las observaciones registradas a nombre de la UNIVERSIDAD DE LOS LLANOS. Esta actividad se cumplió mediante correo electrónico generado desde la cuenta cinterno@unillanos.edu.co, el día 19/02/2025. | W74: Keila | X74: KEILA
B75: Informe de seguimiento a reportes SIA Observa- SIA Contraloría, SIRECI CGR | D75: Planeación | E75: Evaluación y seguimiento | F75: Profesional OCIG | H75: X | M75: X | T75: =IFERROR(S75/(COUNTIF(G75:R75,"X")),"") -> 0 | U75: Profesional de apoyo CIG | W75: Paula | X75: NUEVO
B77: Otras actividades
B78: Titulo de la actividad | D78: Aplica a: | E78: Rol Asociado | F78: Responsable | G78: Ene | H78: Feb | I78: Mar | J78: Abr | K78: May | L78: Jun | M78: Jul | N78: Ago | O78: Sept | P78: Oct | Q78: Nov | R78: Dic | S78: Ejecutado | T78: Porcentaje Cumplimiento | U78: Asignado a: | V78: Evidencia
B79: Informe de Seguimiento al Plan de Mejoramiento Archivistico (Cuando se presente auditoria de la AGN) | D79: Archivo y Correspondencia | E79: Evaluación y seguimiento | F79: Profesional OCIG | M79: X | R79: X | T79: =IFERROR(S79/(COUNTIF(G79:R79,"X")),"") -> 0 | U79: Profesional de apoyo CIG | W79: Keila | X79: KEILA
B80: Informe sobre Posibles Hechos de Corrupción (Cuando se presente) Diari | D80: Control Interno Disciplinario Control Interno de Gestión | E80: Evaluación y seguimiento | F80: Profesional OCIG | M80: X | R80: X | T80: 0 | U80: Profesional de apoyo CIG | X80: DIANA
B81: Boletines o capsulas informativas en temas de Control Interno y fomento de la Cultura del Control | D81: Evaluación, Control y Seguimiento Institucional | E81: Enfoque hacia la prevención | F81: Profesional OCIG | G81: X | H81: X | I81: X | J81: X | K81: X | L81: X | M81: X | N81: X | O81: X | P81: X | Q81: X | R81: X | T81: 0 | U81: Profesional de apoyo CIG | W81: Paula | X81: NUEVO
B82: Encuesta Autocontrol | D82: Evaluación, Control y Seguimiento Institucional | E82: Enfoque hacia la prevención | F82: Profesional OCIG | Q82: X | T82: 0 | U82: Profesional de apoyo CIG | W82: Sonia | X82: SONIA
B83: Informe de Encuesta Autocontrol | D83: Evaluación, Control y Seguimiento Institucional | E83: Enfoque hacia la prevención | F83: Profesional OCIG | H83: X | S83: 1 | T83: 1 | U83: Profesional de apoyo CIG | V83: https://www.unillanos.edu.co/index.php/documentacion/control-interno/informes/informe-encuesta-autocontrol | X83: SONIA
B84: Asistencia Comités Institucionales: (Cuando se convoque) * Comité Institucional de Coordinación de Control Interno * Comité de Gestión y Desempeño Institucional. | D84: Todos los procesos | E84: Enfoque hacia la prevención | F84: Asesor OCIG | R84: X | T84: 0 | U84: Asesor de Control Interno | W84: Natalia Comité Control Interno | X84: NUEVO
B85: Recordatorio sobre los planes estrategicos Decreto 612 de 2018 | D85: Todos los procesos | E85: Enfoque hacia la prevención | F85: Asesor OCIG | G85: X | R85: X | T85: 1 | U85: Se envio memorando el 27 de enero a todos los responsables de planes estratégicos en relación al Decreto 612 de 2018,
B86: Asesorias y Acompañamiento: (formulación planes de acción de auditorías internas, entre otras). | D86: Todos los procesos | E86: Enfoque hacia la prevención | F86: Asesor OCIG, Profesional OCIG | G86: X | H86: X | I86: X | J86: X | K86: X | L86: X | M86: X | N86: X | O86: X | P86: X | Q86: X | R86: X | S86: 2 | T86: =IFERROR(S86/(COUNTIF(G86:R86,"X")),"") -> 0.16666667 | U86: Asesor de Control Interno/Profesional de apoyo CIG | V86: Enero y febrero: se brindó orientación y acompañamiento en las actividades de mejora continua del proceso, consistente en la propuesta de creación de los formatos "Seguimiento programa de transparencia y ética pública y Matriz de seguimiento mapa de riesgos institucional", así como la actualización de los procedimientos 1. PD-ECS-01 PROCEDIMIENTO PARA AUDITORIAS INTERNAS y 2. EL PD-ESC-04 PROCEDIMIENTO PARA LA GESTIÓN DE PLANES DE MEJORAMIENTO. | W86: Todos | X86: KEILA
B88: Elaborado por: DIANA ZULAY REZA MONDRAGON Asesora de Control Interno de Gestión | F88: Aprobado por: Comité Institucional de Coordinación de Control Interno | S88: Aprobación: 10 de diciembre de 2024
B89: Observaciones (Incluir las modificiones al plan):

Sheet Lista
B2: Roles de Control Interno
B3: Liderazgo estratégico
B4: Enfoque hacia la prevención
B5: Evaluación de la gestión del riesgo
B6: Evaluación y seguimiento
B7: Relación con entes externos de control
B8: Conformidad con los requisitos normativos
